 Dungeon Crawl Stone Soup version 0.29-a0-341-g24ffce5b50 (webtiles) character file.

Game seed: 6506497614101180469

16 KateM the Insei (level 2, 0/22 HPs)
             Began as a Demonspawn Gladiator on Apr 20, 2022.
             Slain by a quokka (4 damage)
             ... on level 1 of the Dungeon.
             The game lasted 00:00:36 (654 turns).

KateM the Insei (Demonspawn Gladiator)               Turns: 654, Time: 00:00:36

Health: 0/22       AC:  4    Str: 14    XL:     2   Next: 41%
Magic:  2/2        EV: 12    Int:  9    God:
Gold:   98         SH:  0    Dex: 14    Spells: 1/1 levels left

rFire   . . .      SeeInvis .     - Unarmed
rCold   . . .      Faith    .   (no shield)
rNeg    . . .      Spirit   .   a - +0 leather armour
rPois   .          Reflect  .   b - +0 helmet
rElec   .          Harm     .   (no cloak)
rCorr   .          Rampage  .   (no gloves)
Will    .....                   (no boots)
Stlth   +.........              (no amulet)
HPRegen 0.07/turn               (no ring)
MPRegen 0.08/turn               (no ring)

@: no status effects
A: powered by pain 1
a: no special abilities


You were on level 1 of the Dungeon.
You visited 1 branch of the dungeon, and saw 1 of its levels.

You collected 98 gold pieces.

Inventory:

Missiles
 c - 3 throwing nets (quivered)
 d - a javelin
Armour
 a - a +0 leather armour (worn)
 b - a +0 helmet (worn)
Potions
 e - 2 potions of cancellation {unknown}


   Skills:
 + Level 2.2 Fighting
 - Level 1.7 Throwing
 + Level 2.9 Dodging
 * Level 3.1 Unarmed Combat


You had one spell level left.
You didn't know any spells.
Your spell library was empty.

Dungeon Overview and Level Annotations

Branches:
Dungeon (1/15)

Altars:


Innate Abilities, Weirdness & Mutations

You sometimes gain a little power by taking damage.


Message History

The quokka bites you. The jackal misses you. The jackal barely misses you.
There are monsters nearby!
You closely miss the quokka. The quokka barely misses you.
The jackal bites you but does no damage. x2
The quokka twitches its whiskers.
The quokka bites you but does no damage.
There are monsters nearby!
You hit the quokka.
The quokka is moderately wounded.
The jackal bites you.
A kobold comes into view. It is wielding a +0 dagger.
The jackal bites you but does no damage.
The jackal barely misses you. The quokka barely misses you.
You closely miss the quokka.
The quokka is moderately wounded.
The jackal barely misses you. The jackal closely misses you.
The quokka bites you but does no damage.
The jackal closely misses you.
You closely miss the quokka. Your punch misses the quokka.
The quokka is moderately wounded.
The jackal barely misses you. The quokka bites you.
The jackal bites you but does no damage.
You hit the quokka.
The quokka is severely wounded.
The jackal bites you. The jackal closely misses you. The quokka bites you.
The jackal bites you.
You are too injured to fight recklessly!
You are too injured to fight recklessly!
You are too injured to fight recklessly!
You barely miss the jackal.
The jackal bites you but does no damage.
The quokka misses you.
The jackal bites you but does no damage.
The jackal bites you.
You miss the jackal. The quokka bites you. The jackal bites you.
* * * LOW HITPOINT WARNING * * *
The jackal barely misses you.
You closely miss the jackal. The jackal barely misses you.
The quokka barely misses you.
The jackal misses you. x2; The quokka bites you.
You die...

# ... .. # #... #.
######## # #... #.
#......# # #....#.
#......# #
...#.###......### #
....##........####.#
#r.##......#.#...
#?@##......#.#.####
#hh######..........
#.K...............#
..............##.#.####
..#..............# #
#.#..###.##.#..# #.#..#
#....#..#.# ##
..#).####.###..#.###.
.. ...................


You could see a quokka, 2 jackals and a kobold.

Vanquished Creatures
  5 ball pythons (D:1)
  2 giant cockroaches (D:1)
  2 goblins (D:1)
  2 quokkas (D:1)
  2 bats (D:1)
  A frilled lizard (D:1)
  2 kobolds (D:1)
16 creatures vanquished.

Notes
Turn   | Place    | Note
-------+----------+-------------------------------------------
     0 | D:1      | KateM the Demonspawn Gladiator began the quest for the Orb.
     0 | D:1      | Reached XP level 1. HP: 16/16 MP: 1/1
   137 | D:1      | Reached skill level 3 in Unarmed Combat
   190 | D:1      | Gained mutation: You sometimes gain a little power by
                  | taking damage. [demonic ancestry]
   190 | D:1      | Reached XP level 2. HP: 18/22 MP: 2/2
   654 | D:1      | Slain by a quokka

Illustrated notes

Levels and vault maps discovered:
D:1:      pf_arrival_petrified_forest, layout_basic, serial_corexii_hall,
          chequers_hall_statues_wall_a, corexii_hall_statues_l

Skill      XL: |  1 |
---------------+----+-----
Unarmed Combat | 3 |  3.1
Fighting       | |  2.2
Throwing       | |  1.7
Dodging        | |  2.9

Action                   || total
-------------------------++-------
Melee: Unarmed           ||    75
 Stab: Sleeping          ||     1
Armor: Leather armour    ||    30
Dodge: Dodged            ||    60

Table legend: (Time is in decaauts)
 A = Elapsed time spent in this place.
 B = Non-inter-level travel time spent in this place.
 C = Inter-level travel time spent in this place.
 D = Time resting spent in this place.
 E = Time spent auto-exploring this place.
 F = Levels seen in this place.
 G = Mean time per level.
                   A        B        C        D        E       F      G
               +--------+--------+--------+--------+--------+-----+--------+
         Total |    650 |    650 |      0 |      0 |    520 |   1 |  650.0 |
       Dungeon |    650 |    650 |      0 |      0 |    520 |   1 |  650.0 |
               +--------+--------+--------+--------+--------+-----+--------+

Top non-repeatable levels by time:
     D:1: 650 daAuts
